 Dungeon Crawl Stone Soup version 0.28.0-45-g0d030f2227 (webtiles) character file.

Game seed: 16519307013038277831

2085 sanboga the Chopper (level 9, -6/56 HPs)
             Began as a Gargoyle Fighter on Apr 10, 2022.
             Killed from afar by an orc priest (10 damage)
             ... with a bolt of acid
             ... on level 6 of the Dungeon.
             The game lasted 00:08:08 (6322 turns).

sanboga the Chopper (Gargoyle Fighter)              Turns: 6322, Time: 00:08:08

Health: -6/56      AC: 23    Str: 25    XL:     9   Next: 27%
Magic:  0/9        EV:  5    Int: 14    God:
Gold:   172        SH:  9    Dex:  9    Spells: 8/8 levels left

rFire   . . .      SeeInvis .   a - +0 war axe
rCold   . . .      Faith    .   l - +0 kite shield
rNeg    + . .      Spirit   +   d - +0 plate armour
rPois   ∞          Reflect  .   i - +0 helmet
rElec   +          Harm     .   t - +0 cloak
rCorr   .          Rampage  .   (no gloves)
Will    .....                   v - +0 pair of boots
Stlth   ..........              n - amulet of guardian spirit
HPRegen 0.18/turn               p - +6 ring of intelligence
MPRegen 0.11/turn               (no ring)

@: no status effects
A: sickness immunity, AC +6, negative energy resistance 1, electricity
resistance, torment resistance 1, petrification resistance
a: no special abilities


You were on level 6 of the Dungeon.
You visited 2 branches of the dungeon, and saw 7 of its levels.

You collected 172 gold pieces.

Inventory:

Hand Weapons
 a - a +0 war axe (weapon)
 x - a +2 whip of flaming
Armour
 d - a +0 plate armour (worn)
 i - a +0 helmet (worn)
 l - a +0 kite shield (worn)
 t - a +0 cloak (worn)
 v - a +0 pair of boots (worn)
Jewellery
 n - an amulet of guardian spirit (around neck)
 p - a +6 ring of intelligence (left hand)
Wands
 w - a wand of mindburst (20)
 y - a wand of polymorph (3)
Scrolls
 b - a scroll of identify
 c - 3 scrolls of amnesia {unknown}
 f - a scroll of fear
 h - 2 scrolls of fog {unknown}
 m - 2 scrolls of teleportation {unknown}
 q - 2 scrolls of summoning
 r - a scroll of blinking
 s - 3 scrolls of holy word {unknown}
Potions
 e - 4 potions of curing {unknown}
 g - 2 potions of degeneration {unknown}
 j - a potion of haste {unknown}
 k - a potion of flight {unknown}
 o - a potion of heal wounds
 u - a potion of brilliance {unknown}
 z - a potion of cancellation {unknown}


   Skills:
 + Level 6.6 Fighting
 * Level 7.1 Axes
 + Level 6.6 Armour
 + Level 6.7 Shields


You had 8 spell levels left.
You didn't know any spells.
Your spell library contained the following spells:

 Spells                   Type           Power      Damage    Failure   Level
 Foxfire                  Conj/Fire      0%         2x1d4     100%        1
 Magic Dart               Conj           0%         1d3       100%        1
 Call Imp                 Summ           0%         N/A       100%        2
 Conjure Flame            Conj/Fire      0%         6-21      100%        3
 Frozen Ramparts          Ice            0%         1d2       100%        3
 Inner Flame              Hex/Fire       0%         N/A       100%        3
 Mephitic Cloud           Conj/Pois/Air  0%         N/A       100%        3
 Flame Wave               Conj/Fire      0%         2d4       100%        4
 Ice Form                 Ice/Tmut       0%         N/A       100%        4
 Summon Ice Beast         Ice/Summ       0%         N/A       100%        4


Dungeon Overview and Level Annotations

Branches:
Dungeon (6/15)             Temple (1/1) D:4

Altars:
Ashenzari
Cheibriados
Dithmenos
Elyvilon
Fedhas
Gozag
Hepliaklqana
Makhleb
Nemelex Xobeh
Okawaru
Qazlal
Sif Muna
Uskayaw
Vehumet
Wu Jian
Xom
Yredelemnul
Zin
The Shining One

Shops:
D:6 :


Innate Abilities, Weirdness & Mutations

You are immune to sickness and miasma.
Your stone body is resilient. (AC +6)
You are immune to poison.
You resist negative energy. (rN+)
You are resistant to electric shocks. (rElec)
You are resistant to unholy torment.
You are immune to petrification.


Message History

You barely miss the orc warrior. The orc priest barely misses you.
The orc priest calls down the wrath of Beogh upon you.
Beogh smites you! You block the orc warrior's attack.
The orc priest barely misses you.
You hit the orc priest but do no damage.
The orc priest is severely wounded.
You closely miss the orc warrior.
The orc warrior hits you but does no damage.
The orc priest hits you but does no damage.
The orc priest looks braver for a moment.
You hit the orc priest but do no damage.
The orc priest is severely wounded.
You slash the orc warrior!
The orc priest looks braver for a moment.
An orc priest comes into view. It is wielding a +0 short sword.
The orc warrior hits you but does no damage.
You block the orc priest's attack.
The orc priest calls down the wrath of Beogh upon you.
Beogh smites you!
You slash the orc priest!
You kill the orc priest!
You hit the orc warrior but do no damage.
The orc warrior hits you but does no damage.
You block the orc warrior's attack.
You slash the orc warrior!
The orc warrior is severely wounded.
You slash the orc priest! You block the orc priest's attack.
The orc priest mumbles some strange prayers to Beogh against you.
Beogh smites you!
The orc warrior hits you but does no damage.
You hit the orc warrior.
The orc warrior is almost dead.
You barely miss the orc priest. You hit the orc priest.
You block the orc priest's attack.
The orc priest zaps a wand.
The bolt of acid hits you!!
* * * LOW HITPOINT WARNING * * *
You block the orc warrior's attack.
The orc priest hits you but does no damage.
The orc priest zaps a wand.
The bolt of acid hits you!
You die...

##### #.# ##...###.#
#.....##.## #..(......#
#.....##..# ..
##...###..###########..#
.##.## #.....(..∩......#
.##.# #..######.)......
.##.# ##.# #@###...#
.##.# #.##...ooo.....#
....# #.##.###.###...#
..#######.# #.# .#
........... #o#
...#.#.##.# #.# .)#.##
... ..##.# ... .......


You could see an orc warrior and 3 orc priests.

Vanquished Creatures
  Pikel (D:5)
  Grinder (D:3)
  A water moccasin (D:6)
  An orc warrior (D:6)
  A sky beast (D:5)
  A necrophage (D:5)
  A centaur (D:5)
  4 lemures (D:5)
  A gnoll sergeant (D:5)
  4 scorpions
  A water moccasin zombie (D:5)
  2 centaur zombies
  A jelly (D:5)
  3 orc priests
  4 hounds
  A centaur skeleton (D:3)
  An iguana (D:6)
  Ijyb (D:5)
  An orc wizard (D:4)
  A hound skeleton (D:5)
  3 adders
  6 gnolls
  An ufetubus (D:6)
  An adder skeleton (D:4)
  13 orcs
  8 bats
  6 endoplasms
  6 goblins
  6 hobgoblins
  13 jackals
  4 quokkas
  3 ball pythons
  A frilled lizard (D:3)
  6 kobolds
  2 rats
111 creatures vanquished.

Notes
Turn   | Place    | Note
-------+----------+-------------------------------------------
     0 | D:1      | sanboga the Gargoyle Fighter began the quest for the Orb.
     0 | D:1      | Reached XP level 1. HP: 14/14 MP: 1/1
   170 | D:1      | Reached skill level 2 in Axes
   417 | D:1      | Reached XP level 2. HP: 19/19 MP: 2/2
   806 | D:1      | Reached XP level 3. HP: 5/23 MP: 3/3
  2298 | D:3      | Reached XP level 4. HP: 29/29 MP: 4/4
  2561 | D:2      | Reached skill level 3 in Axes
  2890 | D:3      | Reached XP level 5. HP: 33/33 MP: 5/5
  2999 | D:3      | Found a faded altar of an unknown god.
  3390 | D:3      | Noticed Grinder
  3405 | D:3      | Paralysed by Grinder for 7 turns
  3414 | D:3      | Killed Grinder
  3415 | D:3      | Reached skill level 4 in Axes
  3415 | D:3      | Reached XP level 6. HP: 13/39 MP: 2/6
  3947 | D:4      | Found a staircase to the Ecumenical Temple.
  3996 | Temple   | Entered the Ecumenical Temple
  4769 | D:5      | Entered Level 5 of the Dungeon
  4771 | D:5      | Identified the +5 whip of the Rattlesnake {freeze, Dex+4}
  4815 | D:5      | Noticed Pikel
  4970 | D:5      | Killed Pikel
  4971 | D:5      | Reached skill level 5 in Fighting
  4971 | D:5      | Reached skill level 5 in Axes
  4971 | D:5      | Reached skill level 5 in Armour
  4971 | D:5      | Reached skill level 5 in Shields
  4971 | D:5      | Reached XP level 7. HP: 30/44 MP: 7/7
  4971 | D:5      | Reached XP level 8. HP: 34/49 MP: 8/8
  5231 | D:5      | Noticed Ijyb
  5248 | D:5      | Killed Ijyb
  5402 | D:5      | Reached skill level 6 in Axes
  6034 | D:6      | Reached XP level 9. HP: 27/55 MP: 5/9
  6042 | D:6      | Reached skill level 7 in Axes
  6214 | D:6      | Found a shimmering blue altar of Sif Muna.
  6294 | D:6      | Found Saotatov's Book Shop.
  6322 | D:6      | Killed from afar by an orc priest

Illustrated notes

Levels and vault maps discovered:
D:1:      dpeg_arrival_castle, layout_basic, dk_noncrumbling_2
D:2:      minmay_skewed_foursquare, layout_loops_corners
D:3:      layout_basic, serial_curves, eino_curves_04, eino_curves_02,
          basic_ecumenical_altar, minmay_misc_feat_enclosed, uniq_grinder
D:4:      layout_basic, minmay_temple_entry_slanted, kennysheep_generic_room_2
D:5:      layout_loops_ring, hangedman_glass_teeth, hangedman_decor_lopped,
          uniq_ijyb, uniq_pikel
D:6:      layout_loops_ring, mainiacjoe_overflow_paths, serial_shops, shop
Temple:   dpeg_five_rooms_temple

Skill      XL: |  1  2  3  4  5  6  7  8  9 |
---------------+----------------------------+-----
Axes           | 2 3 4 5 6 7 |  7.1
Fighting       | 4 5 6 |  6.6
Armour         | 4 5 6 |  6.6
Shields        | 4 5 6 |  6.7

Action                   |  1- 3 |  4- 6 |  7- 9 || total
-------------------------+-------+-------+-------++-------
Melee: War axe           |   105 |   159 |   142 ||   406
       Unarmed           |       |       |     2 ||     2
Evoke: Wand              |       |     3 |    10 ||    13
  Use: Scroll            |       |     5 |     1 ||     6
       Potion            |       |     1 |     1 ||     2
Armor: Scale mail        |    73 |   113 |    95 ||   281
       Plate armour      |       |       |    44 ||    44
Dodge: Dodged            |    55 |    88 |    77 ||   220
Block: Buckler           |    20 |       |       ||    20
       Kite shield       |    19 |    74 |    81 ||   174
